 Dungeon Crawl Stone Soup version 0.23.0-3-gf3c87f2 (webtiles) character file.

Game seed: 17444963920180595652

183 Borgoz the Sneak (level 5, -32/38 HPs)
             Began as a Ghoul Enchanter on Feb 24, 2019.
             Engulfed by a cloud of blessed fire (36 damage)
             ... on level 3 of the Dungeon.
             The game lasted 00:07:41 (2037 turns).

Borgoz the Sneak (Ghoul Enchanter)                  Turns: 2037, Time: 00:07:42

Health: -32/38     AC:  3    Str: 12    XL:     5   Next: 62%
Magic:  15/15      EV: 12    Int: 10    God:
Gold:   65         SH:  0    Dex: 10    Spells: 4/7 levels left

rFire    . . .     SeeInvis .   a - +1 short sword (speed)
rCold    + . .     Gourm    .   (no shield)
rNeg     + + +     Faith    .   c - +0 robe
rPois    ∞         Spirit   .   (no helmet)
rElec    .         Reflect  .   j - +0 cloak
rCorr    .         Harm     .   (no gloves)
MR       .....                  (no boots)
Stlth    +.........             (no amulet)
HPRegen  0.12/turn              e - ring of magical power
MPRegen  0.14/turn              g - ring of flight

@: rotting, glowing
A: rotting body, claws 1, carnivore, cold resistance 1, negative energy
resistance 3, inhibited regeneration, torment resistance, unbreathing
a: Evoke Flight


You were on level 3 of the Dungeon.
You were not hungry.

You visited 1 branch of the dungeon, and saw 3 of its levels.

You collected 65 gold pieces.

Inventory:

Hand Weapons
 a - a +1 short sword of speed (weapon)
 b - a +0 blowgun
 i - a +2 quarterstaff of chaos
Missiles
 l - 24 poisoned needles
Armour
 c - a +0 robe (worn)
 j - a +0 cloak (worn)
Jewellery
 e - a ring of magical power (left claw)
 g - a ring of flight (right claw)
Wands
 k - a wand of flame (19)
Scrolls
 h - a scroll of remove curse {unknown}
Potions
 m - a potion of degeneration {unknown}
Comestibles
 d - 7 rations
 f - a chunk of flesh


   Skills:
 * Level 3.0 Short Blades
 - Level 1.7 Dodging
 + Level 4.3 Stealth
 - Level 1.7 Spellcasting
 * Level 3.7 Hexes


You had 4 spell levels left.
You knew the following spells:

 Your Spells              Type           Power        Failure   Level  Hunger
a - Corona                Hex            #......      7%          1    ##.....
b - Ensorcelled Hibernat  Hex/Ice        #.....       22%         2    ###....

Your spell library contained the following spells:

 Spells                   Type           Power        Failure   Level  Hunger
 Confuse                  Hex            #.......     22%         3    ####...
 Tukima's Dance           Hex            #.......     22%         3    ####...
 Dazzling Spray           Conj/Hex       #.....       41%         3    ####...


Dungeon Overview and Level Annotations

Branches:
Dungeon (3/15)

Altars:
Fedhas
Yredelemnul
Zin
The Shining One


Innate Abilities, Weirdness & Mutations

Your body is rotting away.
You thrive on raw meat.
You are immune to poison.
You have sharp fingernails.
You are carnivorous and can eat meat at any time.
Your flesh is cold resistant. (rC+)
You are immune to negative energy. (rN+++)
You do not regenerate when monsters are visible.
You are immune to unholy pain and torment.
You can survive without breathing.


Message History

Found a glowing golden altar of the Shining One.
There is an open door here.
Some of the chunks of flesh in your inventory have rotted away.
You feel your flesh rotting away.
Eating one of 2 chunks of flesh.
You eat one of the 2 chunks of flesh.
You feel more resilient.
This raw flesh tastes great!
A goblin comes into view. It is wielding a +0 club.
Found a basalt altar of Yredelemnul.
There is an open door here.
The angel shouts!
Really walk into that cloud of blessed fire?
Really walk into a travel-excluded area?
You are engulfed in blessed fire.
Ouch! That really hurt!
* * * LOW HITPOINT WARNING * * *
You see here a viscous black potion.
m - a viscous black potion You are engulfed in blessed fire.
Ouch! That really hurt!
You die...

..........##.#.###...#......÷....
###..#..#....#[###...#...........
###..#...............#.<##.####..
...............###...#..##.# #..
##########.##### ######..#.# #..
#######...###########.#### #..
○g°.§.#...#.§.§.§####.# #..
._....'...'...._.#A##.# #..
.°.§.#...#.§.@.§####.# #..
######...###########.# ###.. ###
##.##### ....
#####.###..###.################.#
...............................<.
#####.#########################.#
#.# #.# ### ###


You could see an angel.

Vanquished Creatures
  Crazy Yiuf (D:2)
  8 adders
  An ooze (D:1)
  A worm (D:3)
  2 dart slugs (D:3)
  A leopard gecko (D:2)
  6 bats
  6 giant cockroaches
  7 hobgoblins
  3 jackals (D:2)
  A quokka (D:2)
  A ball python (D:3)
  4 frilled lizards
  13 goblins
  8 kobolds
  9 rats
72 creatures vanquished.

Notes
Turn   | Place    | Note
-------+----------+-------------------------------------------
     0 | D:1      | Borgoz the Ghoul Enchanter began the quest for the Orb.
     0 | D:1      | Reached XP level 1. HP: 14/14 MP: 2/2
    30 | D:1      | Reached skill level 1 in Short Blades
   122 | D:1      | Reached XP level 2. HP: 11/20 MP: 3/3
   206 | D:1      | Learned a level 2 spell: Ensorcelled Hibernation
   396 | D:1      | Reached XP level 3. HP: 18/26 MP: 4/4
   809 | D:2      | Reached XP level 4. HP: 26/33 MP: 5/5
  1039 | D:2      | Reached skill level 4 in Stealth
  1358 | D:2      | Found a glowing silver altar of Zin.
  1488 | D:2      | Found a runed translucent door.
  1489 | D:2      | Noticed Crazy Yiuf
  1508 | D:2      | Killed Crazy Yiuf
  1508 | D:2      | Reached XP level 5. HP: 27/38 MP: 6/6
  1634 | D:3      | Found a blossoming altar of Fedhas.
  1977 | D:3      | Found a glowing golden altar of the Shining One.
  2029 | D:3      | Found a basalt altar of Yredelemnul.
  2033 | D:3      | Noticed an angel
  2037 | D:3      | Engulfed by a cloud of blessed fire

Skill      XL: |  1  2  3  4  5 |
---------------+----------------+-----
Short Blades   | 1 2 3 |  3.0
Hexes          | 3 |  3.7
Stealth        | 4 |  4.3
Dodging        | |  1.7
Spellcasting   | |  1.7

Action                   |  1- 3 |  4- 6 || total
-------------------------+-------+-------++-------
Melee: Dagger            |   130 |    85 ||   215
       Short sword       |       |    86 ||    86
 Cast: Corona            |     7 |     9 ||    16
       Ensorcelled Hiber |     2 |     1 ||     3
  Use: Scroll            |     3 |     2 ||     5
       Potion            |     1 |     5 ||     6
 Stab: Sleeping          |     7 |     3 ||    10
       Invisible         |       |     1 ||     1
  Eat: Chunk             |    16 |    17 ||    33
Armor: Robe              |    21 |    37 ||    58
Dodge: Dodged            |    84 |    99 ||   183
